 Dungeon Crawl Stone Soup version 0.27.1-33-g824d729ab1 (webtiles) character file.

Game seed: 10292068927512446028

9473 shaggyschweig the Grappler (level 11, -24/107 HPs)
             Began as a Troll Berserker on Dec 23, 2021.
             Was an Elder of Trog.
             Annihilated by an orc warrior (30 damage)
             ... on level 2 of the Orcish Mines.
             The game lasted 01:03:30 (9181 turns).

shaggyschweig the Grappler (Troll Berserker)        Turns: 9181, Time: 01:03:33

Health: -24/107    AC: 12    Str: 34    XL:     11   Next: 23%
Magic:  10/10      EV:  9    Int:  9    God:    Trog [****..]
Gold:   1316       SH:  0    Dex:  5    Spells: 10/10 levels left

rFire    . . .     SeeInvis .     - Unarmed
rCold    + + +     Faith    .   (no shield)
rNeg     . . .     Spirit   .   y - +3 swamp dragon scales
rPois    +         Reflect  .   (helmet restricted)
rElec    .         Harm     .   g - scarf {shadows}
rCorr    .         Rampage  .   (gloves unavailable)
Will     .....                  (boots unavailable)
Stlth    +.........             D - amulet of Xom's Whimsicality {rC+++ Regen+ Str+4 Dex-4}
HPRegen  2.27/turn              p - +6 ring of intelligence
MPRegen  0.12/turn              F - ring of protection from cold

@: on berserk cooldown, slowed, very slow
A: large, unfitting armour, claws 3, regeneration 1, shaggy fur 1, tough skin 1
a: Renounce Religion, Berserk, Trog's Hand, Brothers in Arms


You were on level 2 of the Orcish Mines.
You worshipped Trog.
Trog was greatly pleased with you.
You visited 2 branches of the dungeon, and saw 11 of its levels.

You collected 1316 gold pieces.

Inventory:

Missiles
 j - 40 poisoned darts (quivered)
 x - 2 atropa-tipped darts
 E - 5 large rocks
Armour
 a - a +1 animal skin
 b - a scarf of invisibility
 g - a scarf of shadows (worn)
 s - the +0 cloak "Axesmeodd" {Will+}
   (You found it on level 6 of the Dungeon)

   Will:      It increases your willpower.
 y - +3 swamp dragon scales (worn)
 B - a +1 robe of resistance
Jewellery
 p - a +6 ring of intelligence (left claw)
 D - the amulet of Xom's Whimsicality (around neck) {rC+++ Regen+ Str+4 Dex-4}
   (You found it on level 8 of the Dungeon)

   [amulet of regeneration]

   Str:       It affects your strength (+4).
   Dex:       It affects your dexterity (-4).
   rC:        It renders you almost immune to cold.
   Regen:     It increases your rate of health regeneration.
 F - a ring of protection from cold (right claw)
Wands
 n - a wand of flame (40)
 o - a wand of charming (8)
 t - a wand of iceblast (9)
 z - a wand of acid (10)
Scrolls
 h - a scroll of fog
 l - a scroll of magic mapping
 u - 2 scrolls of teleportation
 w - a scroll of blinking {unknown}
 C - a scroll of brand weapon
 G - a scroll of summoning {unknown}
 H - a scroll of enchant weapon
Potions
 c - 3 potions of resistance
 d - 5 potions of curing
 e - a potion of heal wounds
 f - a potion of berserk rage
 i - 2 potions of haste
 k - a potion of lignification
 m - a potion of mutation
 q - a potion of cancellation {unknown}
 r - a potion of ambrosia {unknown}
 v - 3 potions of attraction {unknown}
 A - a potion of flight {unknown}


   Skills:
 + Level 6.5 Fighting
 + Level 6.4 Throwing
 + Level 6.5 Dodging
 + Level 4.4 Stealth
 * Level 10.7 Unarmed Combat


You had 10 spell levels left.
You didn't know any spells.
Your spell library was empty.

Dungeon Overview and Level Annotations

Branches:
Dungeon (9/15)             Temple (0/1) D:6             Orc (2/2) D:9
    Elf (0/3) Orc:2
   Lair: D:8-11

Altars:
Dithmenos
Kikubaaqudgha
Okawaru
Qazlal
Ru
Trog
Vehumet
Wu Jian
Beogh

Shops:
D:6 [=   D:9 [(:

Annotations:
D:5 3 runed translucent doors, Orb's ghost, novice OpVM


Innate Abilities, Weirdness & Mutations

You are too large for most types of armour.
You have claws for hands.
Your natural rate of healing is unusually fast.
You are covered in fur. (AC +1)
You have tough skin. (AC +1)


Message History

The orc priest hits you but does no damage.
The orc warrior barely misses you.
You scratch the orc priest. Your claw misses the orc priest.
The orc priest is moderately wounded.
The orc hits you but does no damage.
The orc priest calls upon Beogh to heal the orc priest.
The orc priest's wounds heal themselves!
The orc priest hits you with a +0 club.
The orc knight roars a battlecry!
The orc priest goes into a battle-frenzy!
You barely miss the orc priest. The orc hits you but does no damage.
The orc priest closely misses you.
An orc priest comes into view.
It is wielding a +0 flail of protection.
The orc priest looks braver for a moment.
The orc warrior hits you with a +0 scimitar!
The orc priest hits you but does no damage.
The orc priest mumbles some strange prayers to Beogh against you.
Beogh smites you! The orc closely misses you.
The orc priest closely misses you.
You closely miss the orc priest. The orc priest hits you with a +0 club.
The orc warrior barely misses you.
An orc priest comes into view. It is wielding a +0 whip.
The orc priest barely misses you.
The orc priest calls down the wrath of Beogh upon you.
Beogh smites you!
An orc comes into view. It is wielding a +0 club.
The orc hits you but does no damage.
You closely miss the orc priest.
The orc warrior hits you with a +0 scimitar!!
* * * LOW HITPOINT WARNING * * *
The orc priest barely misses you. The orc hits you but does no damage.
The orc priest barely misses you. The orc priest hits you with a +0 club.
* * * LOW HITPOINT WARNING * * *
The orc priest barely misses you.
The orc priest miscasts a cantrip.
The orc knight hits you with a +0 long sword!!
* * * LOW HITPOINT WARNING * * *
An orc priest comes into view. It is wielding a +0 dagger.
The orc warrior hits you with a +0 scimitar!!
You die...

##.............#
#.............##
######....#........#
#..##.....#.......##
...................##
....................#
##..............).)##
#...####.......oo)##
#..>## .......o@o#
.....# ######ooo##
#...#.#


#.o.ooo .......# #..#.o.#. ##..#..# #...o..... #......# . .#oo.# .. .......#
....o.. ..# ....#.. ...#.. You could see an orc knight, 2 orc warriors, 9 orc
priests and 4 orcs.

Vanquished Creatures
  Erica (D:8)
  A two-headed ogre (D:8)
  Pikel (D:8)
  Maggie (D:7)
  A troll (D:9)
  2 hornets
  A shadow (D:9)
  A wyvern (D:9)
  8 yaks
  The ghost of Ekaitz the Digger, an amateur DrEE (D:4)
  Menkaure (D:7)
  A warg (Orc:1)
  An acid dragon (D:6)
  4 water moccasins
  3 ice beasts
  10 orc warriors
  2 black bears
  7 ogres
  A necrophage (D:5)
  3 centaurs
  2 lemures (D:8)
  A phantom (D:6)
  A kobold brigand (D:6)
  4 bullfrogs
  2 gnoll sergeants
  A wyvern zombie (D:8)
  A scorpion (D:4)
  A water moccasin skeleton (D:4)
  3 howler monkeys (D:9)
  8 crimson imps (D:9)
  3 hounds
  A jelly (D:6)
  A centaur zombie (D:9)
  5 orc priests
  A centaur skeleton (D:7)
  3 iguanas (D:6)
  7 orc wizards
  A hound skeleton (D:5)
  A howler monkey zombie (D:5)
  7 adders
  7 gnolls
  2 river rats (D:4)
  3 white imps
  2 worms
  3 dart slugs
  41 orcs
  3 ball pythons
  3 bats
  A bat skeleton (D:8)
  4 bat zombies (D:8)
  5 endoplasms
  4 giant cockroaches
  3 goblins
  4 hobgoblins
  2 jackals (D:1)
  3 quokkas
  5 frilled lizards
  12 kobolds
  A rat (D:3)
213 creatures vanquished.

Vanquished Creatures (collateral kills)
  A troll (Orc:2)
  An orc warrior (Orc:2)
  An ogre (Orc:1)
  A kobold brigand (D:9)
  3 orc priests
  A gnoll (D:9)
  8 orcs
  3 kobolds (D:9)
19 creatures vanquished.

Grand Total: 232 creatures vanquished

Notes
Turn   | Place    | Note
-------+----------+-------------------------------------------
     0 | D:1      | shaggyschweig the Troll Berserker began the quest for the
                  | Orb.
     0 | D:1      | Reached XP level 1. HP: 22/22 MP: 0/0
    72 | D:1      | Found a faded altar of an unknown god.
    80 | D:1      | Reached XP level 2. HP: 29/29 MP: 1/1
  1380 | D:3      | Reached XP level 3. HP: 32/36 MP: 2/2
  1678 | D:3      | Reached ** piety under Trog
  1911 | D:3      | Reached skill level 1 in Throwing
  2003 | D:3      | Reached XP level 4. HP: 44/44 MP: 3/3
  2110 | D:4      | Noticed a hornet
  2117 | D:4      | Killed a hornet
  2118 | D:4      | Reached skill level 1 in Stealth
  2118 | D:4      | Reached skill level 4 in Unarmed Combat
  2118 | D:4      | Reached XP level 5. HP: 25/53 MP: 4/4
  2118 | D:4      | Reached XP level 6. HP: 28/61 MP: 5/5
  2193 | D:4      | Found a runed translucent door.
  2202 | D:4      | Noticed Ekaitz's ghost (amateur DrEE)
  2211 | D:4      | Killed Ekaitz's ghost
  2212 | D:4      | Reached skill level 5 in Unarmed Combat
  2226 | D:4      | Found a runed translucent door.
  2396 | D:4      | Reached XP level 7. HP: 57/67 MP: 6/6
  3316 | D:5      | Entered Level 5 of the Dungeon
  3431 | D:5      | Reached skill level 6 in Unarmed Combat
  3519 | D:5      | Reached XP level 8. HP: 78/78 MP: 7/7
  3600 | D:5      | Found a runed translucent gate.
  3601 | D:5      | Found a runed translucent gate.
  3603 | D:5      | Found a runed translucent gate.
  3603 | D:5      | Noticed Orb's ghost (novice OpVM)
  3606 | D:5      | Identified the +6 dagger of Keaf Fif {flame, Dex+2}
  3829 | D:5      | Found a sacrificial altar of Ru.
  4503 | D:5      | Reached skill level 7 in Unarmed Combat
  4664 | D:6      | Found a staircase to the Ecumenical Temple.
  4691 | D:6      | Identified the +0 cloak "Axesmeodd" {Will+}
  4848 | D:6      | Reached *** piety under Trog
  4996 | D:6      | Reached XP level 9. HP: 74/85 MP: 8/8
  5114 | D:6      | Found Puj Ableem's Jewellery Shoppe.
  5244 | D:6      | Found Dobejuas's Antique Armour Shoppe.
  5557 | D:6      | Found an ornate altar of the Wu Jian Council.
  5888 | D:7      | Noticed Menkaure
  5894 | D:7      | Killed Menkaure
  5895 | D:7      | Reached skill level 8 in Unarmed Combat
  6284 | D:7      | Paralysed by a hornet for 2 turns
  6291 | D:7      | Reached skill level 5 in Dodging
  6342 | D:7      | Noticed Maggie
  6352 | D:7      | Killed Maggie
  6353 | D:7      | Reached skill level 5 in Fighting
  6836 | D:7      | Found a shadowy altar of Dithmenos.
  7067 | D:8      | Noticed Pikel
  7085 | D:8      | Killed Pikel
  7086 | D:8      | Reached skill level 5 in Throwing
  7086 | D:8      | Reached skill level 9 in Unarmed Combat
  7141 | D:8      | Noticed a two-headed ogre
  7147 | D:8      | Killed a two-headed ogre
  7148 | D:8      | Reached XP level 10. HP: 96/96 MP: 9/9
  7238 | D:8      | Identified the amulet of Xom's Whimsicality {rC+++ Regen+
                  | Str+4 Dex-4}
  7338 | D:8      | Noticed Erica
  7361 | D:8      | Killed Erica
  7489 | D:8      | Identified the +0 robe of the Evil One {rPois}
  7492 | D:8      | Found an ancient bone altar of Kikubaaqudgha.
  7593 | D:8      | Found a radiant altar of Vehumet.
  7593 | D:8      | Found an iron altar of Okawaru.
  7748 | D:9      | Reached skill level 10 in Unarmed Combat
  7750 | D:9      | Reached **** piety under Trog
  7766 | D:9      | Found Doneis's Armour Boutique.
  7780 | D:9      | Found a staircase to the Orcish Mines.
  7782 | D:9      | Found Xiuv's Weapon Boutique.
  7842 | D:9      | Found Vikhlegak's Book Shop.
  8183 | D:9      | Found a stormy altar of Qazlal.
  8413 | D:9      | Found a bloodstained altar of Trog.
  8429 | D:9      | Reached XP level 11. HP: 106/106 MP: 10/10
  8593 | Orc:1    | Entered Level 1 of the Orcish Mines
  8922 | Orc:2    | Entered Level 2 of the Orcish Mines
  9084 | Orc:2    | Found a staircase to the Elven Halls.
  9170 | Orc:2    | Noticed an orc knight
  9181 | Orc:2    | Annihilated by an orc warrior

Illustrated notes

Levels and vault maps discovered:
D:1:      zelgadis_glass_arrival_small, layout_basic,
          chequers_ecumenical_altar_simple_redux, minmay_lizard_pond
D:2:      layout_loops_corners, minmay_misc_feat_encased, minmay_pentomino_u2
D:3:      layout_loops_corners
D:4:      layout_layer_cave, ebering_ghost_sewer_f
D:5:      layout_layer_cave, lemuel_round_altar, biasface_ghost_orc_armoury
D:6:      cheibrodos_thug_alley, layout_cave_pods,
          lemuel_coloured_pillars_altar, minmay_temple_entry_slanted,
          serial_shops, shop, nicolae_shop_crystal
D:7:      layout_loops_corners, kennysheep_little_box, minmay_puff,
          uniq_menkaure, uniq_maggie
D:8:      layout_gridville, kennysheep_vampire_church, minitemple,
          grunt_ministairs_6, uniq_pikel, uniq_erica
D:9:      layout_stronghold, nicolae_qazlal_scattered_showers,
          nicolae_overflow_hidden_temple, orc_david_3, serial_shops, shop,
          chequers_serial_rivers_micro_e, serial_bayou_pond_c, minmay_nine_imps
Orc:1:    layout_diamond_mine, serial_shops, nicolae_shop_trees
Orc:2:    st_orc_pillars, layout_caves, nicolae_orc_stony_grotto,
          nicolae_shop_firing_range

Skill      XL: |  1  2  3  4  5  6  7  8  9 10 |
---------------+-------------------------------+-----
Throwing       | 1 2 3 4 5 6 |  6.4
Fighting       | 3 4 5 6 |  6.5
Dodging        | 3 4 5 6 |  6.5
Stealth        | 1 2 3 4 |  4.4
Unarmed Combat | 4 5 6 7 9 10 | 10.7

Action                   |  1- 3 |  4- 6 |  7- 9 | 10-12 || total
-------------------------+-------+-------+-------+-------++-------
Melee: Unarmed           |    78 |    30 |   239 |   284 ||   631
       Punch             |       |       |    11 |    10 ||    21
Invok: Berserk           |       |     1 |     7 |     8 ||    16
       Brothers in Arms  |       |       |       |     3 ||     3
  Use: Scroll            |     7 |     2 |     8 |       ||    17
       Potion            |     5 |       |       |       ||     5
 Stab: Sleeping          |     1 |       |     3 |     1 ||     5
Armor: Animal skin       |    25 |     8 |    34 |       ||    67
       Swamp dragon scal |       |       |    19 |   154 ||   173
Dodge: Dodged            |    34 |    24 |    95 |   125 ||   278
